cohdb
Replays
Latest Replays
All Replays
Popular Replays
Top Player Replays
Match Explorer
How It Works
Community
CoH3 Stats
Reddit
Sign in to upload your games and track your stats! →
Sign in with Steam
Match 45672970
Unlisted
Match 45672970
Overview
Messages
Build Orders
End
Kradschützen Motorcycle Team
Selects Italian Combined Arms Battlegroup
Selects Bersaglieri Squad
Bersaglieri Squad
Bersaglieri Squad
Construct Light Support Kompanie
Panzerjäger Squad
Selects Bersaglieri Bolster
Bersaglieri Squad
Fire Support Elements
Assault Mechanized Group
2.5-tonne Medical Truck
Selects Breda Model 30 Light Machine Guns
Construct Panzerarmee Kommand
Walking Stuka Rocket Launcher
Selects Semovente da 75/18 Assault Gun
Armored Reserves
StuG Assault Group
Selects Strafing Run
Selects Artillery Cover
Strafing Run
Vehicle Survival Package
Tungsten Core Ammunition
Strafing Run
Strafing Run
MMMerVVV
Xufe
Seocheon
CalmDownJustAGame
0
0
Comments
sign in to comment!
No comments posted yet!